 Dungeon Crawl Stone Soup version 0.23-a0-483-g32a748b514 (webtiles) character file.

1564 Naow the Cleaver (level 9, -2/66 HPs)
             Began as a Formicid Fighter on Nov 30, 2018.
             Was a Believer of Okawaru.
             Slain by a sky beast (6 damage)
             ... on level 6 of the Dungeon.
             The game lasted 00:07:02 (5720 turns).

Naow the Cleaver (Formicid Fighter)                 Turns: 5720, Time: 00:07:03

Health: -2/66      AC:  8    Str: 23    XL:     9   Next: 13%
Magic:  9/9        EV:  8    Int:  9    God:    Okawaru [**....]
Gold:   181        SH: 10    Dex: 10    Spells: 8/8 levels left

rFire    . . .     SeeInvis +   o - +1 war axe (elec)
rCold    . . .     Gourm    .   c - +0 shield
rNeg     . . .     Faith    .   b - +0 scale mail
rPois    .         Spirit   .   (helmet unavailable)
rElec    .         Reflect  .   (no cloak)
rCorr    .         Harm     .   (no gloves)
MR       .....                  m - +0 pair of boots
Stlth    ..........             (no amulet)
HPRegen  0.21/turn              (no ring)
MPRegen  0.11/turn              (no ring)

@: lethally poisoned (-2 -> -3)
A: permanent stasis, dig shafts and tunnels, four strong arms, antennae 3
a: Dig, Shaft Self, Heroism, Renounce Religion


You were on level 6 of the Dungeon.
You worshipped Okawaru.
Okawaru was pleased with you.
You were very hungry.

You visited 2 branches of the dungeon, and saw 8 of its levels.

You collected 220 gold pieces.
You spent 39 gold pieces at shops.

Inventory:

Hand Weapons
 a - a +0 war axe
 o - a +1 war axe of electrocution (weapon)
Armour
 b - a +0 scale mail (worn)
 c - a +0 shield (worn)
 m - a +0 pair of boots (worn)
Wands
 h - a wand of random effects (13)
 v - a wand of iceblast (8)
Scrolls
 g - 2 scrolls of immolation {unknown}
 j - 6 scrolls of remove curse {unknown}
 l - 5 scrolls of identify {unknown}
 p - 2 scrolls of enchant weapon {unknown}
 r - a scroll of enchant armour {unknown}
 s - 4 scrolls of magic mapping {unknown}
 t - a scroll of blinking {unknown}
Potions
 d - a potion of might
 e - 3 potions of resistance
 i - 2 potions of curing
 k - a potion of agility
 n - a potion of cancellation {unknown}
 u - a potion of flight {unknown}
 w - a potion of lignification {unknown}
Comestibles
 f - 12 rations


   Skills:
 + Level 4.6 Fighting
 - Level 9.2 Axes
 + Level 4.6 Armour
 * Level 6.2 Shields


You had 8 spell levels left.
You didn't know any spells.
Your spell library was empty.

Dungeon Overview and Level Annotations

Branches:
Dungeon (7/15)             Temple (1/1) D:4

Altars:
Ashenzari
Cheibriados
Dithmenos
Elyvilon
Fedhas
Gozag
Hepliaklqana
Kikubaaqudgha
Makhleb
Okawaru
Qazlal
Ru
Trog
Uskayaw
Xom
Yredelemnul
Zin
The Shining One

Shops:
D:4 (*}=   D:6 !

Annotations:
D:3 3 runed doors, Scypier's ghost, weakling DrTm


Innate Abilities, Weirdness & Mutations

You cannot be hasted, slowed, berserked, paralysed or teleported.
You can dig through walls and to a lower floor.
Your four strong arms can wield two-handed weapons with a shield.
You have a pair of large antennae on your head. (SInv)


Message History

You miss the sky beast.
The sky beast is severely wounded.
You are feeling very hungry.
You feel sick.
The sky beast hits you but does no damage.
You hit the sky beast.
The sky beast is severely wounded.
The sky beast hits you.
* * * LOW HITPOINT WARNING * * *
The sky beast shocks you.
* * * LOW HITPOINT WARNING * * *
You hit the sky beast.
The sky beast is almost dead.
You block the sky beast's attack.
You completely miss the sky beast.
The sky beast is almost dead.
You feel sick. The sky beast hits you.
* * * LOW HITPOINT WARNING * * *
The sky beast shocks you.
You die...

..### ....# ....# ############
### ....# #..........# #.. ....#
#..........# #.. ....#
#..........# #.. ....#
#######....♣.....# #.. ....#
#........♣.∩.♣...######.. ....#
##.###...@..♣.............
###.####..###.#Y.........######..
.........###..≈.#....##### ##.
.....##..............# ##..
.....##..............# #..#
.....................#########.##
##.....##........(.......(.....#
#...####..##..................#
#>...##...##..................#


You could see a sky beast.

Vanquished Creatures
  A necrophage (D:6)
  An ogre (D:5)
  A big kobold (D:7)
  2 bullfrogs (D:6)
  6 scorpions
  2 howler monkeys
  5 orc priests
  A centaur skeleton (D:6)
  3 hounds
  A jelly (D:6)
  4 orc wizards
  2 bullfrog skeletons
  Terence (D:3)
  5 worker ants
  6 adders
  2 shadow imps
  An ooze (D:1)
  An adder zombie (D:5)
  4 worms
  5 dart slugs
  4 leopard geckos
  14 orcs
  6 giant cockroaches
  8 goblins
  6 hobgoblins
  14 jackals
  4 quokkas
  A ball python (D:3)
  11 bats
  8 frilled lizards
  10 kobolds
  A leopard gecko zombie (D:6)
  7 rats
148 creatures vanquished.

Notes
Turn   | Place    | Note
-------+----------+-------------------------------------------
     0 | D:1      | Naow the Formicid Fighter began the quest for the Orb.
     0 | D:1      | Reached XP level 1. HP: 18/18 MP: 1/1
   241 | D:1      | Reached XP level 2. HP: 24/24 MP: 2/2
   372 | D:1      | Reached skill level 3 in Axes
   444 | D:1      | Reached XP level 3. HP: 29/29 MP: 3/3
  1051 | D:2      | Reached skill level 4 in Axes
  1051 | D:2      | Reached XP level 4. HP: 35/35 MP: 4/4
  1239 | D:2      | Found a shattered altar of Ashenzari.
  1808 | D:3      | Reached XP level 5. HP: 41/41 MP: 5/5
  1861 | D:3      | Found a runed gate.
  1861 | D:3      | Found a runed gate.
  1861 | D:3      | Found a runed gate.
  1951 | D:3      | Noticed Scypier's ghost (weakling DrTm)
  1977 | D:3      | Noticed Terence
  1989 | D:3      | Killed Terence
  1989 | D:3      | Reached skill level 5 in Axes
  2664 | D:3      | Reached XP level 6. HP: 47/47 MP: 6/6
  2693 | D:4      | Reached skill level 6 in Axes
  3056 | D:4      | Found a staircase to the Ecumenical Temple.
  3074 | Temple   | Entered the Ecumenical Temple
  3163 | Temple   | Became a worshipper of Warmaster Okawaru
  3190 | Temple   | Reached skill level 7 in Axes
  3190 | Temple   | Reached XP level 7. HP: 37/52 MP: 7/7
  3287 | D:4      | Found Mieff's General Store.
  3307 | D:4      | Found Toruzopp's Weapon Boutique.
  3445 | D:4      | Reached * piety under Okawaru
  3696 | D:4      | Found Ypateh's Gadget Shop.
  3745 | D:4      | Found Kups's Jewellery Emporium.
  3748 | D:4      | Reached skill level 8 in Axes
  3914 | D:5      | Entered Level 5 of the Dungeon
  4244 | D:5      | Reached XP level 8. HP: 58/58 MP: 8/8
  4385 | D:5      | Reached skill level 9 in Axes
  5042 | D:6      | Reached skill level 5 in Shields
  5097 | D:6      | Reached ** piety under Okawaru
  5191 | D:6      | Reached XP level 9. HP: 33/66 MP: 9/9
  5395 | D:6      | Found a sacrificial altar of Ru.
  5466 | D:6      | Found Baacizu's Distillery.
  5473 | D:6      | Bought a potion of curing for 39 gold pieces
  5584 | D:6      | Found a stormy altar of Qazlal.
  5584 | D:6      | Found an opulent altar of Gozag.
  5585 | D:6      | Found a burning altar of Makhleb.
  5720 | D:6      | Slain by a sky beast

Vault maps used:
D:1:      tarquinn_simple_flora_water_d
D:2:      minmay_kobold_bridge, ashenzari_altar_1, minmay_indecisive_spiral
D:3:      gammafunk_ghost_icy, uniq_terence
D:4:      minmay_temple_entry_tees, first_ration, serial_shops, shop,
          nicolae_shop_behind_doors, shop, kennysheep_little_box
D:6:      gammafunk_temple_overflow_claw, serial_shops, nicolae_shop_trees,
          nicolae_ru_awakened_eye
D:7:      serial_shops, nicolae_shop_waterfront
Temple:   regret_index_temple_sphere_string

Skill      XL: |  1  2  3  4  5  6  7  8  9 |
---------------+----------------------------+-----
Axes           | 3 4 5 7 8 9 |  9.2
Shields        | 5 6 |  6.2
Fighting       | 4 |  4.6
Armour         | 4 |  4.6

Action                   |  1- 3 |  4- 6 |  7- 9 || total
-------------------------+-------+-------+-------++-------
Melee: War axe           |   118 |   169 |   185 ||   472
  Use: Potion            |       |       |     2 ||     2
  Eat: Chunk             |     1 |     6 |     8 ||    15
Armor: Scale mail        |    76 |    80 |    66 ||   222
Dodge: Dodged            |    39 |    54 |    54 ||   147
Block: Shield            |    72 |   101 |    88 ||   261

Table legend:
 A = Non-vault XP
 B = Vault XP
 C = Vault XP percentage of total XP
 D = Non-vault monster count
 E = Vault monster count
 F = Vault count percentage of total count
                 A         B        C        D         E       F
            +---------+---------+-------+---------+---------+-------
      Total |    2185 |      50 |   2.2 |     139 |       9 |   6.1
            +---------+---------+-------+---------+---------+-------
        D:1 |      59 |       0 |   0.0 |      32 |       0 |   0.0
        D:2 |      63 |      14 |  18.2 |      20 |       8 |  28.6
        D:3 |     102 |      36 |  26.1 |      21 |       1 |   4.5
        D:4 |     478 |       0 |   0.0 |      17 |       0 |   0.0
        D:5 |     526 |       0 |   0.0 |      19 |       0 |   0.0
        D:6 |     759 |       0 |   0.0 |      21 |       0 |   0.0
        D:7 |     113 |       0 |   0.0 |       7 |       0 |   0.0
     Temple |      85 |       0 |   0.0 |       2 |       0 |   0.0
            +---------+---------+-------+---------+---------+-------
